 Dungeon Crawl Stone Soup version 0.28-a0-533-g9f97627e2a (webtiles) character file.

Game seed: 5699233965219269262

1 Crimsonway the Grave Robber (level 1, -2/13 HPs)
             Began as a Vampire Necromancer on Sept 26, 2021.
             Slain by a ball python (3 damage)
             ... on level 1 of the Dungeon.
             The game lasted 00:00:49 (19 turns).

Crimsonway the Grave Robber (Vampire Necromancer)     Turns: 19, Time: 00:00:50

Health: -2/13      AC:  2    Str:  7    XL:     1   Next: 16%
Magic:  0/3        EV: 12    Int: 17    God:
Gold:   0          SH:  0    Dex: 14    Spells: 3/4 levels left

rFire   . . .      SeeInvis +   (no weapon)
rCold   . . .      Faith    .   (no shield)
rNeg    . . .      Spirit   .   a - +0 robe
rPois   .          Reflect  .   (no helmet)
rElec   .          Harm     .   (no cloak)
rCorr   .          Rampage  .   (no gloves)
Will    .....                   (no boots)
Stlth   ++........              (no amulet)
HPRegen 0.24/turn               (no ring)
MPRegen 0.08/turn               (no ring)

@: healing quickly
A: alive, fangs 3, see invisible, vampiric 1
a: Exsanguinate


You were on level 1 of the Dungeon.
You visited 1 branch of the dungeon, and saw 1 of its levels.

Inventory:

Armour
 a - a +0 robe (worn)


   Skills:
 + Level 2.2 Dodging
 + Level 3.0 Stealth
 + Level 2.0 Spellcasting
 + Level 4.4 Necromancy


You had 3 spell levels left.
You knew the following spells:

 Your Spells              Type           Power      Damage    Failure   Level
a - Pain                  Necr           64%        1d7       3%          1

Your spell library contained the following spells:

 Spells                   Type           Power      Damage    Failure   Level
 Animate Skeleton         Necr           32%        N/A       3%          1
 Vampiric Draining        Necr           8%         2d7       10%         3
 Beastly Appendage        Tmut           2%         N/A       19%         1
 Wereblood                Tmut           1%         N/A       28%         2
 Spider Form              Tmut/Pois      0%         N/A       50%         3
 Animate Dead             Necr           8%         N/A       30%         4
 Agony                    Necr           16%        N/A       65%         5


Dungeon Overview and Level Annotations

Branches:
Dungeon (1/15)

Altars:


Innate Abilities, Weirdness & Mutations

Your natural rate of healing is accelerated.
You have razor-sharp teeth.
You have supernaturally acute eyesight. (SInv)
You are afflicted with vampirism.


Message History

Found a hunting sling.
The hobgoblin shouts!
You hear a shout!
A ball python comes into view.
A kobold comes into view.
It is wielding a +0 short sword of freezing.
The kobold shouts!
You hear an angry hiss.
Aiming: Pain (safe; 3% risk of failure)
Press: ? - help, Q - select action Shift-Dir - straight line, f - hobgoblin
Aim: a hobgoblin (chance to affect: 87%)
The hobgoblin writhes in agony.
The ball python hisses angrily.
Aiming: Pain (safe; 3% risk of failure)
Press: ? - help, Q - select action Shift-Dir - straight line, f/p - hobgoblin
Aim: a hobgoblin (almost dead, chance to affect: 87%)
The hobgoblin writhes in agony.
You kill the hobgoblin!
A frilled lizard comes into view.
You see here a book of Changes.
You pick up a book of Changes and begin reading...
You add the spells Beastly Appendage, Wereblood and Spider Form to your library.
You barely miss the kobold.
The frilled lizard hisses angrily.
The kobold hits you with a +0 short sword of freezing.
The kobold freezes you.
Aiming: Pain (safe; 3% risk of failure)
Press: ? - help, Q - select action Shift-Dir - straight line, f - ball python
Aim: a ball python (chance to affect: 87%)
The ball python writhes in agony.
The ball python misses you. The ball python closely misses you.
The kobold hits you with a +0 short sword of freezing.
The kobold freezes you. The ball python closely misses you.
The ball python misses you.
You don't have enough magic to cast this spell.
You don't have enough magic to cast this spell.
The ball python barely misses you. x2
The kobold hits you with a +0 short sword of freezing.
* * * LOW HITPOINT WARNING * * *
The kobold freezes you.
* * * LOW HITPOINT WARNING * * *
The ball python bites you.
You die...

#..)...... #
##......... # ##.
..........
#.#..###.........
................
..P.P....l...... ...
#≈#P.K........
.....##≈##.S##......
.....≈≈≈≈≈@## ##....
...#.##≈##.##$...#..
.....P#≈#P....# .
......P.P..#######
............#.>...
.......<..........
...#..............
......P.P...#.....
.....P#≈#P..#.....


You could see a ball python, a kobold and a frilled lizard.

Vanquished Creatures
  A hobgoblin (D:1)
1 creature vanquished.

Notes
Turn   | Place    | Note
-------+----------+-------------------------------------------
     0 | D:1      | Crimsonway the Vampire Necromancer began the quest for the
                  | Orb.
     0 | D:1      | Reached XP level 1. HP: 13/13 MP: 3/3
    19 | D:1      | Slain by a ball python

Illustrated notes

Levels and vault maps discovered:
D:1:      eino_arrival_water_cross, layout_rooms

Action                   || total
-------------------------++-------
Melee: Unarmed           ||     1
 Cast: Pain              ||     3
Dodge: Dodged            ||     6

Table legend: (Time is in decaauts)
 A = Elapsed time spent in this place.
 B = Non-inter-level travel time spent in this place.
 C = Inter-level travel time spent in this place.
 D = Time resting spent in this place.
 E = Time spent auto-exploring this place.
 F = Levels seen in this place.
 G = Mean time per level.
                   A        B        C        D        E       F      G
               +--------+--------+--------+--------+--------+-----+--------+
         Total |     19 |     19 |      0 |      0 |      0 |   1 |   19.0 |
       Dungeon |     19 |     19 |      0 |      0 |      0 |   1 |   19.0 |
               +--------+--------+--------+--------+--------+-----+--------+

Top non-repeatable levels by time:
     D:1: 19 daAuts
